[Event "December 12 Early 2023"]
[Site "https://www.chess.com"]
[Date "2023.12.12"]
[Round "6"]
[White "Goltsev, Dmitry"]
[Black "Vakhlamov, Igor L."]
[Result "1/2-1/2"]
[Board "29"]
[TimeControl "180+1"]
[WhiteFideId "24176710"]
[BlackFideId "24126748"]
[WhiteElo "2668"]
[BlackElo "2843"]
[WhiteTeam "RUS"]
[BlackTeam "RUS"]
[WhiteClock "0:01:06"]
[BlackClock "0:00:06"]

1. e4 c5 2. Nf3 e6 3. d4 cxd4 4. Nxd4 Nf6 5. Nc3 Nc6 6. Be2 Be7 7. O-O d5 8. exd5 exd5 9. Bf3 O-O 10. Bg5 h6 11. Bh4 Re8 12. Re1 Bd7 13. Qd2 Qb6 14. Nb3 Be6 15. Bxf6 Bxf6 16. Nxd5 Bxd5 17. Bxd5 Bxb2 18. Rxe8+ Rxe8 19. Re1 Rxe1+ 20. Qxe1 Qd8 21. c4 Bf6 22. Nc5 Qc8 23. Qe4 Nb4 24. Nxb7 Nxa2 25. Nd6 Qb8 26. Nxf7 Nc3 27. Nxh6+ Kf8 28. Qg6 Qb1+ 29. Qxb1 Nxb1 30. Ng4 Bd4 31. Ne3 a5 32. Nc2 Bc5 33. Bc6 Nd2 34. Bb5 Ne4 35. Ne3 Nc3 36. Kf1 a4 37. Nc2 a3 38. f3 a2 39. Ke1 Nb1 40. Ba4 Na3 41. Na1 Bd4 42. Bb3 Bxa1 43. Bxa2 Bd4 44. Ke2 Ke7 45. Kd3 Bc5 46. h4 Kf6 47. g4 Ke5 48. h5 Kf4 49. Kc3 Kxf3 50. g5 Kg4 51. h6 gxh6 52. gxh6 Bf8 53. h7 Bg7+ 54. Kb3 Nxc4 55. Kxc4 Kg5 56. Bb1 Kf6 57. Kd5 Ke7 58. Ke4 Kf8 59. h8=Q+ Bxh8 1/2-1/2

[Event "December 12 Early 2023"]
[Site "https://www.chess.com"]
[Date "2023.12.12"]
[Round "6"]
[White "Klymchuk, Andriy"]
[Black "Golubev, Mikhail"]
[Result "1-0"]
[Board "30"]
[TimeControl "180+1"]
[WhiteFideId "14140063"]
[BlackFideId "14100983"]
[WhiteElo "2839"]
[BlackElo "2657"]
[WhiteTeam "UKR"]
[BlackTeam "UKR"]
[WhiteClock "0:00:27"]
[BlackClock "0:00:00"]

1. e4 c5 2. Nf3 d6 3. d4 Nf6 4. Nc3 cxd4 5. Nxd4 g6 6. Be3 Bg7 7. f3 Nc6 8. Bc4 O-O 9. Qd2 Bd7 10. Bb3 Ne5 11. h4 Rc8 12. h5 Nxh5 13. g4 Nf6 14. Bh6 Bxh6 15. Qxh6 Rxc3 16. bxc3 Qa5 17. g5 Qxc3+ 18. Ke2 Nh5 19. Rxh5 gxh5 20. Rd1 Bg4 21. fxg4 Nxg4 22. Rd3 Qxd3+ 23. cxd3 Nxh6 24. gxh6 e6 25. Nb5 h4 26. Kf3 Rd8 27. Nxa7 Kf8 28. Kg4 Ke7 29. Kxh4 Rg8 30. Kh5 f6 31. a4 Rg5+ 32. Kh4 Rg6 33. Kh5 Rg5+ 34. Kh4 Rg6 35. Nb5 Rxh6+ 36. Kg4 Rg6+ 37. Kh5 Rg3 38. Bc4 d5 39. exd5 exd5 40. Kh4 Rg5 41. Bb3 Kd7 42. Nd4 Kd6 43. Nf3 Rg7 44. d4 Rc7 45. Kg3 Rc3 46. Bd1 Ra3 47. Kf4 Ke6 48. Nh4 Rd3 49. Bg4+ Kf7 50. Nf5 Ra3 51. Bd1 Ke6 52. Ng7+ Kf7 53. Nf5 Ke6 54. Bc2 Ra2 55. Bb3 Ra3 56. Bd1 Ra1 57. Ne3 Ra3 58. Bg4+ Kd6 59. Bd1 Rd3 60. Bc2 Rxd4+ 61. Kf3 Ke5 62. Bxh7 Rxa4 63. Ng4+ 1-0

[Event "December 12 Early 2023"]
[Site "https://www.chess.com"]
[Date "2023.12.12"]
[Round "6"]
[White "Materia, Marco"]
[Black "Yaniuk, Volodymyr"]
[Result "1-0"]
[Board "31"]
[TimeControl "180+1"]
[WhiteFideId "45150451"]
[BlackFideId "14133083"]
[WhiteElo "2833"]
[BlackElo "2535"]
[WhiteTeam "FRA"]
[BlackTeam "UKR"]
[WhiteClock "0:00:15"]
[BlackClock "0:00:13"]

1. Nf3 d5 2. e3 Nf6 3. c4 e6 4. b3 Be7 5. Bb2 O-O 6. Be2 c5 7. O-O b6 8. cxd5 Nxd5 9. d4 cxd4 10. Nxd4 Bb7 11. Bf3 Nc6 12. Nc3 Nxd4 13. Qxd4 Bf6 14. Qg4 Nxc3 15. Bxb7 Rb8 16. Bf3 Nd5 17. Bxf6 Nxf6 18. Qa4 Qe7 19. Rac1 Rfc8 20. g3 h6 21. Kg2 Rc7 22. Rxc7 Qxc7 23. Rd1 b5 24. Qd4 Rc8 25. h4 e5 26. Qd3 a6 27. Qf5 Re8 28. Qb1 e4 29. Be2 Qe5 30. a4 g6 31. axb5 axb5 32. Qa1 Kg7 33. Qa5 Qb2 34. Qxb5 Re5 35. Qc4 Rf5 36. Rf1 g5 37. hxg5 hxg5 38. b4 g4 39. Bd1 Qd2 40. Qc8 Rb5 41. Bxg4 Qxb4 42. Be2 Rc5 43. Qh3 Rc2 44. Rh1 Kf8 45. Qh6+ Ke7 46. Qg5 Qc3 47. Bg4 Qb2 48. Rf1 Qc3 49. Bh3 Qc7 50. Rd1 Rc5 51. Qh4 Rc6 52. Rd4 Rd6 53. Rxe4+ Kf8 54. Qh6+ Kg8 55. Qg5+ Kf8 56. Rh4 Qc6+ 57. Kh2 Rd2 58. Rh8+ Ke7 59. Qe5+ Qe6 60. Bxe6 fxe6 61. Qc5+ Kf7 62. Qc7+ Kg6 63. Kg2 Ne4 64. Qf4 Rxf2+ 65. Qxf2 Nxf2 66. Kxf2 Kg7 67. Ra8 Kf6 68. Kf3 e5 69. Ke4 Kg5 70. Kxe5 Kg4 71. Kd5 Kxg3 72. e4 Kg4 73. e5 Kg5 74. e6 Kg6 75. Kd6 Kg7 76. e7 Kf6 77. e8=Q Kg7 78. Qe2 Kh6 79. Ra1 1-0

[Event "December 12 Early 2023"]
[Site "https://www.chess.com"]
[Date "2023.12.12"]
[Round "6"]
[White "Nguyen, Ngoc Truong Son"]
[Black "Lund, Gunnar"]
[Result "1-0"]
[Board "32"]
[TimeControl "180+1"]
[WhiteFideId "12401110"]
[BlackFideId "1520814"]
[WhiteElo "2941"]
[BlackElo "2625"]
[WhiteTeam "VIE"]
[BlackTeam "NOR"]
[WhiteClock "0:01:03"]
[BlackClock "0:00:48"]

1. d4 d6 2. e4 Nf6 3. Nc3 e5 4. dxe5 dxe5 5. Qxd8+ Kxd8 6. Bc4 Be6 7. Bxe6 fxe6 8. Be3 Bd6 9. f3 Ke7 10. Nge2 Nbd7 11. O-O-O a6 12. b3 b5 13. Kb2 Rhb8 14. h4 Nc5 15. h5 a5 16. g4 a4 17. g5 Nfd7 18. g6 h6 19. Rhf1 Ra6 20. b4 a3+ 21. Kc1 Na4 22. Nxa4 Rxa4 23. c3 c5 24. f4 cxb4 25. f5 exf5 26. Ng3 Bc7 27. Nxf5+ Kf8 28. Rxd7 Ba5 29. Rf7+ Ke8 30. Nxg7+ 1-0

[Event "December 12 Early 2023"]
[Site "https://www.chess.com"]
[Date "2023.12.12"]
[Round "6"]
[White "Sychev, Klementy"]
[Black "Srihari L R"]
[Result "1-0"]
[Board "33"]
[TimeControl "180+1"]
[WhiteFideId "4114060"]
[BlackFideId "46617116"]
[WhiteElo "2930"]
[BlackElo "2742"]
[WhiteTeam "FID"]
[BlackTeam "IND"]
[WhiteClock "0:00:57"]
[BlackClock "0:00:00"]

1. e4 c6 2. c4 d5 3. cxd5 cxd5 4. exd5 Nf6 5. Qa4+ Nbd7 6. Nc3 g6 7. Bc4 Bg7 8. d3 O-O 9. Nf3 a6 10. Qa3 Rb8 11. Bf4 Ra8 12. O-O b6 13. Rfe1 Re8 14. Bb5 Bb7 15. Bc6 Qc8 16. Nd4 Bf8 17. b4 e5 18. dxe6 Bxc6 19. Qb3 fxe6 20. Rxe6 Rxe6 21. Qxe6+ Kg7 22. Nxc6 Qe8 23. Qb3 Rc8 24. Nd4 Kh8 25. Bd2 a5 26. Re1 Qd8 27. Ne6 Qe7 28. Ng5 Qxb4 29. Qf7 Qb2 30. Nce4 Bg7 31. Bc3 Rxc3 32. Nxf6 1-0

[Event "December 12 Early 2023"]
[Site "https://www.chess.com"]
[Date "2023.12.12"]
[Round "6"]
[White "Baskakov, Egor"]
[Black "Pakleza, Zbigniew"]
[Result "0-1"]
[Board "34"]
[TimeControl "180+1"]
[WhiteFideId "24197866"]
[BlackFideId "1119290"]
[WhiteElo "2898"]
[BlackElo "2696"]
[WhiteTeam "RUS"]
[BlackTeam "POL"]
[WhiteClock "0:00:10"]
[BlackClock "0:00:45"]

1. e4 d6 2. g3 Nf6 3. Bg2 Bg4 4. Ne2 e6 5. h3 Bh5 6. g4 Bg6 7. Nbc3 c6 8. d4 d5 9. e5 Nfd7 10. Nf4 Be7 11. O-O c5 12. Ncxd5 exd5 13. Bxd5 Nc6 14. e6 Nf6 15. exf7+ Bxf7 16. Bxf7+ Kxf7 17. d5 g5 18. Ne6 Qxd5 19. Nxg5+ Kg7 20. Qe2 Rhe8 21. c3 Bf8 22. Qc2 Ne5 23. Rd1 Nf3+ 24. Nxf3 Qxf3 25. Bg5 Re2 26. Bxf6+ Kxf6 0-1

[Event "December 12 Early 2023"]
[Site "https://www.chess.com"]
[Date "2023.12.12"]
[Round "6"]
[White "Makhnev, Denis"]
[Black "Riehle, Marco"]
[Result "1/2-1/2"]
[Board "35"]
[TimeControl "180+1"]
[WhiteFideId "13707647"]
[BlackFideId "12904392"]
[WhiteElo "2693"]
[BlackElo "2882"]
[WhiteTeam "KAZ"]
[BlackTeam "GER"]
[WhiteClock "0:00:28"]
[BlackClock "0:00:17"]

1. Nf3 c5 2. c4 Nf6 3. Nc3 d5 4. d4 cxd4 5. Nxd5 Nxd5 6. cxd5 Qxd5 7. Qxd4 Qxd4 8. Nxd4 a6 9. e4 e5 10. Nb3 Bb4+ 11. Bd2 Bxd2+ 12. Kxd2 Nc6 13. Bc4 Ke7 14. Ke3 Bd7 15. Nc5 Bc8 16. Rac1 Rd8 17. a3 Nd4 18. Rhd1 b6 19. Nb3 Nxb3 20. Bxb3 Rxd1 21. Bxd1 Be6 22. Rc6 Rb8 23. Be2 Kd7 24. Rc1 b5 25. b4 Rb6 26. g3 f6 27. f4 h6 28. fxe5 fxe5 29. Rc5 Kd6 30. h4 Rb8 31. Rc1 Rf8 32. Rd1+ Kc7 33. Rc1+ Kd6 34. Rd1+ Ke7 35. Rc1 g5 36. Rc7+ Kd6 37. Ra7 Bc8 38. hxg5 hxg5 39. Rg7 Rf6 40. Rxg5 Rh6 41. Bg4 Bxg4 42. Rxg4 Kc6 43. Rg5 Rh1 44. Rxe5 Ra1 45. Re6+ Kb7 46. g4 Rxa3+ 47. Kf4 Rb3 48. g5 Rxb4 49. g6 Rb1 50. Re5 Rf1+ 51. Kg5 Rg1+ 52. Kf6 b4 53. g7 b3 54. Rg5 Rxg5 55. Kxg5 b2 56. g8=Q b1=Q 57. Qd5+ Ka7 58. e5 Qg1+ 59. Kf6 Qf2+ 60. Ke7 Qh4+ 61. Kd7 Qh7+ 62. Kd6 Qh2 63. Qc5+ Kb7 64. Qc7+ Ka8 65. Kd7 Qh7+ 66. Kc6 Qe4+ 67. Kb6 Qb4+ 68. Kxa6 Qb5+ 69. Kxb5 1/2-1/2

[Event "December 12 Early 2023"]
[Site "https://www.chess.com"]
[Date "2023.12.12"]
[Round "6"]
[White "Steinberg, Nitzan"]
[Black "Tokhirjonova, Gulrukhbegim"]
[Result "1-0"]
[Board "36"]
[TimeControl "180+1"]
[WhiteFideId "2801795"]
[BlackFideId "14203626"]
[WhiteElo "2880"]
[BlackElo "2667"]
[WhiteTeam "ISR"]
[BlackTeam "USA"]
[WhiteClock "0:00:56"]
[BlackClock "0:00:01"]

1. e4 e5 2. Nf3 Nc6 3. Bb5 a6 4. Ba4 Nf6 5. O-O Nxe4 6. d4 b5 7. Bb3 d5 8. dxe5 Be6 9. Nbd2 Nc5 10. c3 Be7 11. Bc2 d4 12. Nb3 Nxb3 13. axb3 dxc3 14. Be4 Qd7 15. bxc3 Rd8 16. Qxd7+ Bxd7 17. Rxa6 Nb8 18. Ra7 c6 19. Be3 O-O 20. h3 Rfe8 21. Bb6 Rc8 22. Rd1 Be6 23. b4 h6 24. Nd4 Bd8 25. Bc5 Bg5 26. Nxe6 fxe6 27. g3 Red8 28. Rd6 Rxd6 29. Bxd6 c5 30. bxc5 Nc6 31. Ra6 b4 32. Rxc6 Rxc6 33. Bxc6 bxc3 34. Be4 1-0

[Event "December 12 Early 2023"]
[Site "https://www.chess.com"]
[Date "2023.12.12"]
[Round "6"]
[White "Ilamparthi A R"]
[Black "Vishnu Prasanna. V"]
[Result "1-0"]
[Board "37"]
[TimeControl "180+1"]
[WhiteFideId "45015775"]
[BlackFideId "5030692"]
[WhiteElo "2874"]
[BlackElo "2667"]
[WhiteTeam "IND"]
[BlackTeam "IND"]
[WhiteClock "0:02:25"]
[BlackClock "0:01:57"]

1. e4 c6 2. d3 d5 3. Nd2 e5 4. Ngf3 Nd7 5. d4 exd4 6. exd5 cxd5 7. Nxd4 Ngf6 8. Qe2+ Qe7 9. Nb5 Qxe2+ 10. Bxe2 Kd8 11. Nf3 a6 12. Nbd4 Nc5 13. Be3 Bd6 14. O-O Kc7 15. c4 Bd7 16. Rac1 Rac8 17. b4 Nce4 18. c5 Be7 19. Ne5 Be6 20. f3 1-0

[Event "December 12 Early 2023"]
[Site "https://www.chess.com"]
[Date "2023.12.12"]
[Round "6"]
[White "Wadsworth, Matthew J"]
[Black "Mikaelyan, Arman"]
[Result "0-1"]
[Board "38"]
[TimeControl "180+1"]
[WhiteFideId "415804"]
[BlackFideId "13304852"]
[WhiteElo "2664"]
[BlackElo "2863"]
[WhiteTeam "ENG"]
[BlackTeam "ARM"]
[WhiteClock "0:00:01"]
[BlackClock "0:00:31"]

1. e4 e5 2. Nf3 Nc6 3. Bc4 Bc5 4. d3 Nf6 5. c3 d6 6. O-O a6 7. a4 Ba7 8. b4 O-O 9. Be3 Be6 10. Nbd2 d5 11. exd5 Nxd5 12. Bxd5 Bxd5 13. Bxa7 Rxa7 14. c4 Bxf3 15. Nxf3 Nxb4 16. Nxe5 Qd4 17. Rb1 c5 18. Nf3 Qxd3 19. Qxd3 Nxd3 20. Rfd1 Nb4 21. Rd7 h6 22. Re1 Raa8 23. Rxb7 Rfe8 24. Rxe8+ Rxe8 25. Rc7 Nd3 26. Rc6 g5 27. h3 Re6 28. Rxe6 fxe6 29. Nd2 Nb2 30. a5 Kf7 31. Kf1 Ke7 32. Ke2 Kd6 33. Ke3 Ke5 34. g4 Kd6 35. Ke4 Nd1 36. f4 Nf2+ 37. Kf3 Nxh3 38. Ne4+ Kc6 39. f5 Nf4 40. f6 Ng6 41. Nc3 Ne5+ 42. Kg3 Nd7 43. f7 Kd6 44. Kf3 Ke7 45. Ke4 Kxf7 46. Na4 Ke7 47. Nb6 Nxb6 48. axb6 Kd6 0-1

[Event "December 12 Early 2023"]
[Site "https://www.chess.com"]
[Date "2023.12.12"]
[Round "6"]
[White "Kazakouski, Valery"]
[Black "Gontcharov, Vladislav"]
[Result "1-0"]
[Board "39"]
[TimeControl "180+1"]
[WhiteFideId "13507443"]
[BlackFideId "4123492"]
[WhiteElo "2854"]
[BlackElo "2661"]
[WhiteTeam "LTU"]
[BlackTeam "RUS"]
[WhiteClock "0:00:04"]
[BlackClock "0:00:00"]

1. Nf3 Nf6 2. c4 c5 3. b3 g6 4. Bb2 Bg7 5. g3 Nc6 6. Bg2 O-O 7. O-O d5 8. cxd5 Nxd5 9. Bxg7 Kxg7 10. d4 cxd4 11. Nxd4 Nxd4 12. Qxd4+ Nf6 13. Qe5 Qb6 14. Nc3 Be6 15. Na4 Qb4 16. Nc5 Bf5 17. Qxe7 a5 18. a3 Qb6 19. Rac1 Rab8 20. Nxb7 Qxb3 21. Nxa5 Qa4 22. Nc6 Rbe8 23. Qb4 Qxb4 24. axb4 Rxe2 25. Nd4 Rb2 26. Nxf5+ gxf5 27. Rc5 Rxb4 28. Rxf5 h6 29. h3 Rd8 30. Ra1 Rd7 31. Ra6 Ng8 32. Rf3 Ne7 33. h4 Rbd4 34. Bh3 Rc7 35. Kg2 Ng8 36. Bf5 Ne7 37. Bd3 Rcd7 38. Bb5 Rc7 39. Be8 Ng6 40. h5 Ne5 41. Rf5 Re7 42. Bb5 Ng4 43. Ra2 Rb4 44. Be2 Nf6 45. Bf3 Nd7 46. Rd2 Rb6 47. Rfd5 Nf6 48. Ra5 Rbe6 49. Bd1 Re5 50. Rxe5 Rxe5 51. g4 Re4 52. f3 Re5 53. Kg3 Rd5 54. Rxd5 Nxd5 55. Bb3 Ne7 56. Kf4 Kf6 57. Ke4 Nc6 58. f4 Ne7 59. Ba4 Nc8 60. Bb3 Ne7 61. Bd5 Nc8 62. Kd4 Nd6 63. Kc5 Ne8 64. Kc6 Ng7 65. Kd7 Ne6 66. Bxe6 fxe6 67. Kd6 Kf7 68. Ke5 Ke7 69. g5 1-0

[Event "December 12 Early 2023"]
[Site "https://www.chess.com"]
[Date "2023.12.12"]
[Round "6"]
[White "Mendez Fortes, Eduardo Jesus"]
[Black "Koelle, Tobias"]
[Result "0-1"]
[Board "40"]
[TimeControl "180+1"]
[WhiteFideId "3502376"]
[BlackFideId "16207378"]
[WhiteElo "2618"]
[BlackElo "2822"]
[WhiteTeam "CUB"]
[BlackTeam "GER"]
[WhiteClock "0:00:34"]
[BlackClock "0:00:42"]

1. e4 e5 2. Nf3 Nc6 3. Bb5 Nge7 4. c3 d5 5. Nxe5 dxe4 6. Qa4 Qd5 7. Nxc6 bxc6 8. Be2 h5 9. O-O Bg4 10. Bc4 Qg5 11. d4 Qg6 12. Bf4 Bf3 13. Bg3 h4 14. gxf3 exf3 15. Nd2 Qh5 16. Bxc7 Qg5+ 17. Bg3 Qxd2 18. Rfe1 Rh6 19. Rad1 Qg5 20. Re5 Qg4 21. Rde1 hxg3 22. fxg3 f2+ 23. Kxf2 Rxh2+ 24. Ke3 Qxg3+ 25. Ke4 Rh4# 0-1

[Event "December 12 Early 2023"]
[Site "https://www.chess.com"]
[Date "2023.12.12"]
[Round "6"]
[White "Principe, Gerson"]
[Black "Brodsky, David"]
[Result "1/2-1/2"]
[Board "41"]
[TimeControl "180+1"]
[WhiteFideId "3804550"]
[BlackFideId "2073250"]
[WhiteElo "2618"]
[BlackElo "2818"]
[WhiteTeam "PER"]
[BlackTeam "USA"]
[WhiteClock "0:00:17"]
[BlackClock "0:00:01"]

1. d4 Nf6 2. e3 d5 3. Nf3 c5 4. Be2 Nc6 5. O-O Bg4 6. Nbd2 e6 7. b3 cxd4 8. exd4 Bd6 9. Bb2 O-O 10. c4 Rc8 11. a3 a5 12. c5 Be7 13. h3 Bh5 14. Ne5 Bxe2 15. Qxe2 Nxe5 16. dxe5 Nd7 17. b4 axb4 18. axb4 b6 19. cxb6 Bxb4 20. Bd4 Nxb6 21. Rfb1 Bc5 22. Bxc5 Rxc5 23. Qa6 Nd7 24. Nf3 Qc8 25. Rb7 Rc1+ 26. Rxc1 Qxc1+ 27. Qf1 Qxf1+ 28. Kxf1 Nc5 29. Rc7 Ne4 30. Nd4 h5 31. f3 Ng3+ 32. Kf2 h4 33. Ne2 Nxe2 34. Kxe2 Ra8 35. f4 Ra3 36. Rd7 g6 37. Kf2 Kg7 38. Rd8 g5 39. f5 exf5 40. Rxd5 Ra2+ 41. Kf3 Ra3+ 42. Kf2 Ra4 43. Kf3 Rf4+ 44. Ke3 Re4+ 45. Kf3 Kf8 46. Rd8+ Kg7 47. Rd5 Ra4 48. Rb5 Ra1 49. Kf2 Ra3 50. Rc5 g4 51. hxg4 fxg4 52. Rc4 Rg3 53. Rf4 Kg6 54. Rf6+ Kg7 55. Rf4 Kg8 56. Kf1 Kg7 57. Kf2 1/2-1/2

[Event "December 12 Early 2023"]
[Site "https://www.chess.com"]
[Date "2023.12.12"]
[Round "6"]
[White "Klukin, Kirill"]
[Black "Cordoba Roa, Angel Gabriel"]
[Result "1-0"]
[Board "42"]
[TimeControl "180+1"]
[WhiteFideId "24199273"]
[BlackFideId "3957624"]
[WhiteElo "2803"]
[BlackElo "2580"]
[WhiteTeam "RUS"]
[BlackTeam "COL"]
[WhiteClock "0:00:24"]
[BlackClock "0:00:29"]

1. e4 e5 2. Nf3 Nc6 3. d4 exd4 4. Nxd4 Nf6 5. Nxc6 bxc6 6. e5 Qe7 7. Qe2 Nd5 8. c4 Nb6 9. b3 Qe6 10. Bb2 Bb4+ 11. Nc3 O-O 12. a3 Be7 13. g3 a5 14. h4 d6 15. Bh3 Qxe5 16. Qxe5 dxe5 17. Bxc8 Rfxc8 18. Ne4 f6 19. O-O-O a4 20. c5 axb3 21. cxb6 cxb6 22. Rd3 Bxa3 23. Rxb3 Bxb2+ 24. Kxb2 b5 25. Rc1 Ra4 26. Nd6 Rca8 27. Rxc6 Ra2+ 28. Kc3 Rxf2 29. Rxb5 Rf3+ 30. Kc4 Rxg3 31. Kd5 h5 32. Rb7 Ra5+ 33. Ke6 e4 34. Rc8+ Kh7 35. Kf7 Rd3 36. Ne8 Rad5 37. Rcc7 Rd8 38. Nxf6+ gxf6 39. Kxf6+ Kh8 40. Rh7+ Kg8 41. Rbg7+ Kf8 42. Rh8# 1-0

[Event "December 12 Early 2023"]
[Site "https://www.chess.com"]
[Date "2023.12.12"]
[Round "6"]
[White "Yuan, Qingyu"]
[Black "Saravana, Krishnan P."]
[Result "1-0"]
[Board "43"]
[TimeControl "180+1"]
[WhiteFideId "8609772"]
[BlackFideId "5018382"]
[WhiteElo "2787"]
[BlackElo "2604"]
[WhiteTeam "CHN"]
[BlackTeam "IND"]
[WhiteClock "0:00:15"]
[BlackClock "0:00:12"]

1. e4 c6 2. d4 d5 3. exd5 cxd5 4. Bd3 Nf6 5. h3 Nc6 6. c3 g6 7. Nf3 Bf5 8. O-O Bxd3 9. Qxd3 Bg7 10. Bf4 O-O 11. Nbd2 Rc8 12. Rfe1 e6 13. Re2 Na5 14. Rae1 Nc4 15. Nxc4 dxc4 16. Qd2 Qa5 17. a3 Rfd8 18. Be5 Qd5 19. h4 b5 20. Qf4 Nh5 21. Qg4 Nf6 22. Qf4 Nh5 23. Qg4 Nf6 24. Qh3 a5 25. g4 b4 26. axb4 axb4 27. h5 bxc3 28. bxc3 Ra8 29. hxg6 hxg6 30. Ng5 Kf8 31. Qh4 Ke7 32. Nh7 Qf3 33. Re3 Qxg4+ 34. Qxg4 Nxg4 35. Bxg7 Nxe3 36. Bf6+ Kd7 37. Bxd8 Nd5 38. Bg5 Nxc3 39. Nf6+ Kc6 40. Kg2 Rd8 41. Rc1 Nd5 42. Rxc4+ Kb5 43. Rc5+ Kb6 44. Nxd5+ Rxd5 45. Rxd5 exd5 46. Kg3 Kb5 47. Kf4 Kc4 48. Ke5 f5 49. f4 1-0

[Event "December 12 Early 2023"]
[Site "https://www.chess.com"]
[Date "2023.12.12"]
[Round "6"]
[White "Yelisieiev, Yevhenii"]
[Black "Lagarde, Maxime"]
[Result "0-1"]
[Board "44"]
[TimeControl "180+1"]
[WhiteFideId "14139642"]
[BlackFideId "662399"]
[WhiteElo "2576"]
[BlackElo "2775"]
[WhiteTeam "GER"]
[BlackTeam "FRA"]
[WhiteClock "0:00:00"]
[BlackClock "0:00:50"]

1. d4 Nc6 2. Nf3 d6 3. d5 Ne5 4. Nxe5 dxe5 5. e4 Nf6 6. Bd3 e6 7. c4 Bc5 8. O-O h5 9. Nd2 exd5 10. exd5 Bg4 11. Qe1 Qe7 12. Nb3 Bb4 13. Qe3 b6 14. c5 Bxc5 15. Nxc5 bxc5 16. Bb5+ Kf8 17. Bc6 Rd8 18. h3 Bd7 19. Re1 Bxc6 20. dxc6 Rd5 21. b3 Rh6 22. Bb2 e4 23. Rac1 Rg6 24. Ba3 Kg8 25. Rxc5 Qe6 26. Rxd5 Qxd5 27. Qc5 e3 28. Qxd5 Nxd5 29. fxe3 Rxc6 30. e4 Nf4 31. Rf1 Ne6 32. Rc1 Ra6 33. Be7 Rxa2 34. Rc4 Rb2 35. b4 g5 36. g3 Kg7 37. h4 g4 0-1

[Event "December 12 Early 2023"]
[Site "https://www.chess.com"]
[Date "2023.12.12"]
[Round "6"]
[White "Lehtosaari, Mauri"]
[Black "Bardyk, Artem"]
[Result "0-1"]
[Board "45"]
[TimeControl "180+1"]
[WhiteFideId "501999"]
[BlackFideId "34349979"]
[WhiteElo "2492"]
[BlackElo "2768"]
[WhiteTeam "FIN"]
[BlackTeam "RUS"]
[WhiteClock "0:00:00"]
[BlackClock "0:01:33"]

1. e4 e5 2. Nf3 Nc6 3. Bb5 Nge7 4. O-O Ng6 5. d4 exd4 6. Nxd4 Bc5 7. c3 O-O 8. Be3 Bb6 9. Na3 Re8 10. Bd3 Nce5 11. Nc4 Nxd3 12. Qxd3 d5 13. exd5 Qxd5 14. Nxb6 axb6 15. Qb5 Qe4 16. Rfe1 Ra5 17. Bd2 Rxb5 18. Rxe4 Rxe4 19. Nxb5 Re2 20. Rd1 c6 21. Nd4 Re8 22. Be3 f5 23. g3 Ne5 24. Nb3 Be6 25. Bxb6 Nf3+ 26. Kg2 Bd5 27. Rxd5 Ne1+ 28. Kf1 cxd5 29. Nd4 Nd3 30. b3 g6 31. a4 Re1+ 32. Kg2 Rb1 33. b4 Kf7 34. Nb5 g5 35. Bd4 g4 36. h3 Ne1+ 0-1

[Event "December 12 Early 2023"]
[Site "https://www.chess.com"]
[Date "2023.12.12"]
[Round "6"]
[White "Derjabin, Ilja"]
[Black "Terry, Renato"]
[Result "0-1"]
[Board "46"]
[TimeControl "180+1"]
[WhiteFideId "14104768"]
[BlackFideId "3803457"]
[WhiteElo "2530"]
[BlackElo "2961"]
[WhiteTeam "UKR"]
[BlackTeam "PER"]
[WhiteClock "0:00:00"]
[BlackClock "0:01:15"]

1. d4 e6 2. c4 b6 3. Nf3 Bb7 4. g3 Bb4+ 5. Bd2 Bxf3 6. exf3 Bxd2+ 7. Qxd2 Ne7 8. f4 d5 9. Bg2 c6 10. Nc3 dxc4 11. O-O O-O 12. Rfd1 a6 13. Qe2 b5 14. Ne4 Nd7 15. b3 Nb6 16. Rac1 Ned5 17. Nc5 c3 18. a3 a5 19. Qd3 b4 20. a4 Nd7 21. Ne4 h6 22. Re1 Qc7 23. Rc2 Rfd8 24. h4 Rac8 25. Qf3 c5 26. Rd1 cxd4 27. Rxd4 Nc5 28. Rc4 Qb6 29. Nxc5 Rxc5 30. Rxc5 Qxc5 31. f5 e5 32. g4 Nf4 33. g5 Qd6 34. Kh2 Qd3 35. Rc1 Qd2 0-1

[Event "December 12 Early 2023"]
[Site "https://www.chess.com"]
[Date "2023.12.12"]
[Round "6"]
[White "Ivic, Velimir"]
[Black "Vestby-Ellingsen, Mads"]
[Result "1-0"]
[Board "47"]
[TimeControl "180+1"]
[WhiteFideId "950122"]
[BlackFideId "1520857"]
[WhiteElo "2944"]
[BlackElo "2588"]
[WhiteTeam "SRB"]
[BlackTeam "NOR"]
[WhiteClock "0:00:22"]
[BlackClock "0:00:00"]

1. e4 e5 2. Nf3 Nc6 3. Bc4 Bc5 4. d3 Nf6 5. c3 a6 6. O-O h6 7. a4 Ba7 8. Re1 O-O 9. Nbd2 d6 10. h3 Re8 11. b4 Be6 12. Bxe6 Rxe6 13. Qc2 Ne7 14. Nf1 Ng6 15. d4 Re8 16. Ng3 c6 17. Bb2 Qc7 18. c4 exd4 19. Nxd4 Nh7 20. Ndf5 f6 21. Nh5 Re7 22. Nxe7+ Qxe7 23. Rad1 Ng5 24. Ng3 Nh4 25. Qe2 Qe6 26. Qg4 Qxg4 27. hxg4 Nf7 28. Kf1 Bb6 29. f3 Bc7 30. Ne2 Ng6 31. c5 a5 32. b5 cxb5 33. axb5 dxc5 34. Rd7 Rc8 35. b6 Bxb6 36. Rxb7 Bc7 37. Rd1 Nge5 38. Nc3 c4 39. Nd5 Bd6 40. Bc3 a4 41. Nb6 Rc6 42. Nxa4 Nd3 43. Rb6 Rc8 44. Rdb1 Kh7 45. Nb2 Nde5 46. Rd1 Bc5 47. Rb5 Be3 48. Ke2 Ba7 49. Rb7 Bc5 50. f4 Nxg4 51. Rxf7 Kg8 52. Rdd7 1-0

[Event "December 12 Early 2023"]
[Site "https://www.chess.com"]
[Date "2023.12.12"]
[Round "6"]
[White "Chigaev, Maksim"]
[Black "Jaiveer Mahendru"]
[Result "1-0"]
[Board "48"]
[TimeControl "180+1"]
[WhiteFideId "4108116"]
[BlackFideId "25611151"]
[WhiteElo "2915"]
[BlackElo "2585"]
[WhiteTeam "ESP"]
[BlackTeam "IND"]
[WhiteClock "0:01:10"]
[BlackClock "0:00:05"]

1. d4 Nf6 2. c4 e6 3. g4 Nxg4 4. e4 Nh6 5. Nc3 b6 6. h4 Bb7 7. Nf3 Be7 8. Rg1 Kf8 9. Bxh6 gxh6 10. Qd2 Na6 11. Qxh6+ Ke8 12. O-O-O Nb4 13. a3 a5 14. Qf4 Na6 15. e5 d6 16. Rg7 Rf8 17. Ng5 Bxg5 18. hxg5 Qe7 19. Rxh7 Rg8 20. c5 dxc5 21. Bb5+ c6 22. Bxa6 Bxa6 23. dxc5 Rd8 24. Ne4 Rxd1+ 25. Kxd1 Bd3 26. Nd6+ Kd8 27. Rxf7 Qxg5 28. Rf8+ 1-0

[Event "December 12 Early 2023"]
[Site "https://www.chess.com"]
[Date "2023.12.12"]
[Round "6"]
[White "Durarbayli, Vasif"]
[Black "Bettalli, Francesco"]
[Result "1-0"]
[Board "49"]
[TimeControl "180+1"]
[WhiteFideId "13402935"]
[BlackFideId "2816453"]
[WhiteElo "2898"]
[BlackElo "2585"]
[WhiteTeam "AZE"]
[BlackTeam "ITA"]
[WhiteClock "0:01:42"]
[BlackClock "0:01:24"]

1. e4 e5 2. Nf3 Nf6 3. Nxe5 Nxe4 4. Qe2 Qe7 5. Qxe4 d6 6. d4 dxe5 7. dxe5 Nc6 8. Nc3 Qxe5 9. Bf4 Qxe4+ 10. Nxe4 Bf5 11. Bd3 Nb4 12. Bxc7 Nxd3+ 13. cxd3 Rc8 14. Be5 Rc2 15. Kd1 Rc6 16. Re1 Bb4 17. Bxg7 Bxe1 18. Bxh8 Bxe4 19. dxe4 Bxf2 20. Ke2 Bb6 21. Bc3 Rg6 22. Kf3 Kd7 23. Rd1+ Ke6 24. Rd5 Rg8 25. Rh5 Rd8 26. Rh6+ Kd7 27. Rxh7 Ke6 28. Rh6+ Kd7 29. h4 Rc8 30. h5 Ke7 31. Rh8 Rc6 32. h6 1-0

[Event "December 12 Early 2023"]
[Site "https://www.chess.com"]
[Date "2023.12.12"]
[Round "6"]
[White "Iskusnyh, Sergei"]
[Black "Rasulov, Vugar"]
[Result "0-1"]
[Board "50"]
[TimeControl "180+1"]
[WhiteFideId "4120027"]
[BlackFideId "13402390"]
[WhiteElo "2583"]
[BlackElo "2890"]
[WhiteTeam "RUS"]
[BlackTeam "AZE"]
[WhiteClock "0:00:00"]
[BlackClock "0:01:29"]

1. d4 Nf6 2. c4 e6 3. g3 c5 4. Nf3 cxd4 5. Nxd4 d5 6. Bg2 e5 7. Nf3 d4 8. O-O Nc6 9. e3 d3 10. Nc3 Bb4 11. Bd2 O-O 12. Nd5 Nxd5 13. cxd5 Qxd5 14. Nd4 Qd6 15. Nxc6 Bxd2 16. Nxe5 Qxe5 17. Qxd2 Rd8 18. Rfc1 Bg4 19. Rc4 Be2 20. Rac1 h6 21. Bxb7 Rab8 22. Rc8 Rdxc8 23. Rxc8+ Rxc8 24. Bxc8 Qc5 25. Ba6 Qc2 0-1